 Dungeon Crawl Stone Soup version 0.19.0-2-gae57169 (webtiles) character file.

50 Jorund the Charlatan (level 3, -1/23 HPs)
             Began as an Octopode Artificer on Nov 3, 2016.
             Killed from afar by Natasha (7 damage)
             ... with a magic dart
             ... on level 2 of the Dungeon.
             The game lasted 00:02:14 (1401 turns).

Jorund the Charlatan (Octopode Artificer)           Turns: 1401, Time: 00:02:15

Health: -1/23      AC:  1    Str: 11    XL:     3   Next: 79%
Magic:  6/6        EV: 13    Int: 14    God:
Gold:   18         SH:  0    Dex: 12    Spells: 0 memorised, 2 levels left

rFire  . . .     SeeInvis .     a - +0 short sword
rCold  . . .     Gourm    .     (no shield)
rNeg   . . .     Faith    .     (helmet restricted)
rPois  .         Spirit   .     (no amulet)
rElec  .         Reflect  .     e - ring of stealth
rCorr  .         Harm     .     (no ring)
MR     .....                    (no ring)
Stlth  ++++......               (no ring)
                                (no ring)
                                (no ring)
                                (no ring)
                                (no ring)

@: slowed, very slow
A: almost no armour, stealthy swim, amphibious, 8 rings, constrict 8, camouflage
1, gelatinous body 1
a: no special abilities


You were on level 2 of the Dungeon.
You were not hungry.

You visited 1 branch of the dungeon, and saw 2 of its levels.

You collected 18 gold pieces.

Inventory:

Hand Weapons
 a - a +0 short sword (weapon)
Jewellery
 e - a ring of stealth (left tentacle)
 i - an uncursed ring of teleportation
Wands
 b - a wand of flame (8/48)
 c - a wand of enslavement (15/24)
 d - a wand of random effects (15/48)
Scrolls
 g - a scroll of magic mapping {unknown}
 h - a scroll of recharging {unknown}
 k - a scroll of blinking {unknown}
Potions
 j - a potion of might {unknown}
 n - 2 potions of curing {unknown}
Comestibles
 f - 2 bread rations
 l - 2 meat rations
 o - 3 chunks of flesh


   Skills:
 - Level 1.0 Fighting
 + Level 2.0 Short Blades
 - Level 2.0 Dodging
 - Level 1.3 Stealth
 + Level 4.5 Evocations


You had 2 spell levels left.
You didn't know any spells.

Dungeon Overview and Level Annotations

Branches:
Dungeon (2/15)

Altars:

Annotations:
D:2 Natasha


Innate Abilities, Weirdness & Mutations

You cannot wear most types of armour.
You are very stealthy in the water. (Stealth+)
You are amphibious.
You can wear up to eight rings at the same time.
You can use your tentacles to constrict eight enemies at once.
Your skin changes colour to match your surroundings (Stealth+).
Your rubbery body absorbs attacks. (AC +1, EV +1)


Message History

Press: ? - help, Shift-Dir - straight line, f - Natasha
Aim: Natasha The puff of flame hits Natasha.
Natasha is moderately wounded.
This wand has 9 charges left.
Natasha claws you!
* * * LOW HITPOINT WARNING * * *
There's nothing to close nearby.
Evoke which item? (* to show all) (? for menu, Esc to quit)
Zapping:
b - a wand of flame (9/48)
Press: ? - help, Shift-Dir - straight line, f/p - Natasha
Aim: Natasha (moderately wounded)
The puff of flame hits Natasha.
Natasha is almost dead.
This wand has 8 charges left.
Natasha wildly gestures.
Natasha's front paws start to glow.
Natasha closely misses you.
Natasha stares at you and mumbles some strange words.
The magic dart hits you!
You die...

## # ..# ##) ... #..
#.. #.# .#
####.##.#####.# #
............#.# .#
.......h.##...##.###
.......@.#...#..%..>
...........#........
..).......##........
..................(.
..........#.........
.................>..
....................
##..##....#......)..
#.......<..........


You could see Natasha.

Vanquished Creatures
  3 oozes
  A dart slug (D:1)
  2 leopard geckos (D:1)
  A bat (D:1)
  3 giant cockroaches (D:1)
  3 hobgoblins (D:1)
  5 jackals (D:1)
  2 frilled lizards (D:1)
  2 goblins (D:1)
  5 kobolds (D:1)
  7 rats (D:1)
34 creatures vanquished.

Vanquished Creatures (others)
  2 bats (D:1)
2 creatures vanquished.

Grand Total: 36 creatures vanquished

Notes
Turn   | Place    | Note
-------+----------+-------------------------------------------
     0 | D:1      | Jorund the Octopode Artificer began the quest for the Orb.
     0 | D:1      | Reached XP level 1. HP: 13/13 MP: 3/3
   228 | D:1      | Reached XP level 2. HP: 15/18 MP: 4/4
   582 | D:1      | Reached skill level 4 in Evocations
   659 | D:1      | Reached XP level 3. HP: 10/23 MP: 6/6
  1391 | D:2      | Noticed Natasha
  1401 | D:2      | Killed from afar by Natasha

Skill      XL: |  1  2  3 |
---------------+----------+-----
Evocations     | 4 |  4.5
Short Blades   | 2 |  2.0
Fighting       | |  1.0
Dodging        | |  2.0
Stealth        | |  1.3

Action                   || total
-------------------------++-------
Melee: Short sword       ||    58
       Constrict         ||    13
       Tentacles         ||     5
Evoke: Wand              ||     7
  Use: Scroll            ||     1
 Stab: Sleeping          ||    16
  Eat: Chunk             ||     1
Armor: Skin              ||     3
Dodge: Dodged            ||    28
